Map: Romanticide LE

Players

TLHarstem (Harstem)

  • Race: Protoss Protoss
  • League: Master

soul - Winner!

  • Race: Terran Terran
  • League: Grandmaster

Event: DreamHack SC2 Masters 2021 Summer

VOD

Have the link to the VOD?

Description

Time

  • Played on: May 23, 2021, 1:27 p.m.
  • Length: 10:00

All games in this series

Show
View Real Time Build Order
Export as new Build Order

TLHarstem Protoss 

Build Orders: Oracle Opening, Phoenix Opening, Zealot Archon 

Get SALT Encoding   

  12  0:00  Probe  
  13  0:12  Probe  
  14  0:17  Pylon  
  14  0:24  Probe (Chrono Boost)  
  15  0:36  Probe (Chrono Boost)  
  15  0:38  Gateway  
  16  0:45  Probe (Chrono Boost)  
  17  0:50  Probe  
  17  0:52  Assimilator  
  18  1:03  Probe  
  19  1:15  Probe  
  20  1:25  Cybernetics Core  
  20  1:36  Probe  
  20  1:37  Pylon  
  21  1:48  Probe  
  21  1:51  Assimilator  
  22  1:58  Adept (Chrono Boost)  
  22  2:00  Probe  
  25  2:12  Probe  
  26  2:23  Nexus  
  26  2:24  Stargate  
  26  2:28  Probe  
  26  2:37  Adept (Chrono Boost)  
  26  2:41  Probe  
  29  2:44  Warp Gate  
  29  2:51  Pylon  
  29  2:53  Probe  
  30  3:05  Probe  
  31  3:15  Oracle (Chrono Boost)  
  31  3:17  Probe  
  35  3:20  Adept  
  35  3:26  Pylon  
  37  3:29  Probe  
  38  3:39  Probe  
  39  3:41  Probe  
  39  3:48  Phoenix (Chrono Boost)  
  40  3:51  Probe  
  40  3:53  Probe  
  44  4:03  Probe  
  44  4:04  Phoenix (Chrono Boost)  
  44  4:05  Probe  
  48  4:15  Probe  
  49  4:17  Probe  
  49  4:21  Gateway  
  49  4:23  Gateway  
  50  4:26  Phoenix (Chrono Boost)  
  50  4:27  Probe  
  50  4:29  Probe  
  54  4:39  Nexus  
  54  4:41  Pylon  
  54  4:44  Probe  
  56  4:47  Phoenix  
  56  4:48  Probe  
  58  4:56  Probe  
  59  5:00  Probe (Chrono Boost)  
  59  5:01  Assimilator  
  60  5:07  Forge, Twilight Council  
  60  5:12  Probe (Chrono Boost)  
  60  5:13  Probe (Chrono Boost)  
  62  5:19  Pylon  
  62  5:20  Probe (Chrono Boost)  
  64  5:23  Probe (Chrono Boost)  
  64  5:24  Phoenix  
  64  5:27  Pylon, Probe  
  67  5:32  Shield Battery  
  67  5:33  Probe (Chrono Boost)  
  68  5:41  Probe (Chrono Boost)  
  69  5:43  Charge (Chrono Boost), Protoss Ground Armor Level 1 (Chrono Boost)  
  69  5:46  Probe (Chrono Boost)  
  70  5:53  Probe x2 (Chrono Boost)  
  70  5:56  Probe (Chrono Boost), Gateway  
  73  5:58  Gateway  
  73  6:00  Assimilator  
  73  6:01  Probe x2 (Chrono Boost)  
  73  6:03  Probe (Chrono Boost)  
  76  6:06  Probe (Chrono Boost)  
  76  6:10  Gateway  
  78  6:11  Templar Archives  
  78  6:13  Probe  
  78  6:15  Sentry, Pylon  
  78  6:17  Zealot  
  78  6:18  Probe  
  84  6:26  Gateway x2  
  84  6:28  Probe  
  84  6:30  Probe  
  84  6:31  Pylon  
  85  6:33  Probe  
  85  6:38  Sentry  
  88  6:40  Probe  
  88  6:41  Zealot  
  88  6:47  Shield Battery  
  91  6:50  Probe  
  91  6:52  Assimilator  
  92  6:54  Pylon  
  92  6:55  Robotics Facility  
  92  6:57  Pylon  
  92  6:59  Pylon  
  92  7:00  Probe  
  91  7:02  High Templar  
  91  7:03  High Templar, Photon Cannon  
  91  7:04  Zealot x2  
  91  7:07  Zealot  
  91  7:08  Archon  
  101  7:15  Zealot  
  103  7:16  Probe  
  103  7:19  Pylon  
  104  7:24  Zealot x4  
  104  7:28  Photon Cannon  
  104  7:29  Zealot  
  112  7:40  Probe x2  
  112  7:41  Probe  
  113  7:45  Robotics Bay  
  113  7:47  Robotics Facility  
  113  7:52  Probe, High Templar x2  
  113  7:53  Assimilator, Probe  
  113  7:58  Pylon  
  117  8:02  Archon  
  117  8:04  Zealot, Protoss Ground Weapons Level 1 (Chrono Boost)  
  117  8:05  Zealot x5  
  129  8:13  Forge  
  129  8:21  Observer (Chrono Boost)  
  130  8:28  Probe  
  130  8:29  Nexus  
  130  8:32  Pylon  
  130  8:34  Colossus (Chrono Boost)  
  131  8:35  Colossus (Chrono Boost)  
  141  8:42  Photon Cannon  
  141  8:43  Probe  
  142  8:51  Photon Cannon  
  142  8:53  Pylon  
  142  8:59  Probe  
  143  9:03  Shield Battery  
  143  9:07  Photon Cannon  
  143  9:08  Zealot x4  
  149  9:19  Sentry, Zealot x3  
  149  9:21  Disruptor (Chrono Boost)  
  154  9:33  Zealot x4  
  142  9:43  Zealot x4  
  101  9:54  Zealot  
  101  9:55  Zealot x2  
Show
View Real Time Build Order
Export as new Build Order

soul Terran - Winner!

Build Orders: Reaper Expand 

Get SALT Encoding   

  12  0:00  SCV  
  13  0:12  SCV  
  14  0:17  Supply Depot  
  14  0:24  SCV  
  15  0:38  SCV  
  15  0:40  Barracks  
  16  0:44  Refinery  
  16  0:51  SCV  
  17  1:03  SCV  
  18  1:08  Engineering Bay  
  18  1:15  SCV  
  19  1:28  Orbital Command  
  19  1:29  Reaper  
  20  1:52  Command Center  
  20  1:58  SCV  
  21  2:02  Marine  
  22  2:10  Supply Depot  
  22  2:13  SCV  
  23  2:19  Factory  
  23  2:24  Bunker  
  23  2:31  Marine, SCV  
  25  2:43  SCV  
  26  2:59  SCV  
  26  3:00  Command Center  
  26  3:03  Barracks Reactor, Factory Tech Lab  
  27  3:09  Orbital Command  
  27  3:13  SCV  
  28  3:21  Cyclone  
  28  3:25  SCV  
  32  3:35  Barracks, Refinery, SCV  
  32  3:37  SCV  
  32  3:40  Marine x2  
  36  3:45  Supply Depot  
  36  3:47  SCV  
  37  3:50  SCV  
  37  3:54  Engineering Bay  
  38  3:59  SCV  
  38  4:00  Cyclone  
  42  4:03  SCV  
  42  4:06  Marine x2  
  44  4:11  SCV  
  44  4:14  Orbital Command  
  45  4:17  SCV  
  45  4:22  Missile Turret  
  45  4:23  Barracks Tech Lab  
  45  4:24  SCV  
  47  4:29  SCV  
  47  4:30  Marine  
  49  4:32  Marine  
  49  4:34  Terran Infantry Weapons Level 1  
  49  4:36  SCV  
  51  4:39  Barracks  
  51  4:41  SCV x2  
  51  4:44  Stimpack  
  53  4:47  Factory Reactor  
  53  4:48  SCV  
  53  4:50  Refinery  
  54  4:55  Missile Turret, SCV  
  54  4:57  Refinery  
  56  5:00  SCV  
  56  5:01  Marauder  
  56  5:04  Supply Depot  
  59  5:07  SCV  
  59  5:08  Starport  
  59  5:12  SCV  
  61  5:19  Marine x2, SCV  
  61  5:20  Orbital Command, Supply Depot  
  63  5:22  Marauder  
  63  5:24  SCV  
  63  5:27  Marauder  
  68  5:30  Factory Reactor  
  68  5:32  Combat Shield  
  68  5:35  Barracks x2  
  68  5:37  SCV  
  68  5:39  SCV  
  70  5:44  Marauder  
  70  5:46  SCV  
  70  5:47  Missile Turret  
  70  5:49  Marauder, SCV  
  76  5:51  SCV  
  76  5:54  Supply Depot  
  76  5:56  Supply Depot  
  77  5:58  SCV  
  77  6:03  SCV  
  79  6:05  Marine  
  79  6:06  Medivac, Marauder  
  79  6:07  SCV  
  85  6:16  Medivac, Widow Mine x2, SCV  
  85  6:17  Marauder  
  94  6:18  Armory  
  94  6:19  Supply Depot  
  94  6:21  Supply Depot  
  94  6:23  SCV x2  
  94  6:24  Concussive Shells, Barracks Reactor  
  94  6:25  Barracks Tech Lab  
  96  6:28  Supply Depot  
  96  6:29  SCV  
  96  6:30  Marine  
  98  6:32  Marine  
  98  6:35  SCV x2  
  101  6:40  Widow Mine x2  
  101  6:41  SCV  
  101  6:43  Medivac, Refinery  
  101  6:44  Refinery  
  108  6:47  Medivac, SCV  
  108  6:48  SCV  
  108  6:51  Marine  
  113  6:54  SCV  
  113  6:59  SCV  
  113  7:00  SCV  
  113  7:01  Marauder x2, Marine, Bunker  
  120  7:02  Marauder, Marine  
  120  7:07  Terran Infantry Armor Level 1  
  124  7:10  Engineering Bay  
  124  7:12  Marine, SCV  
  125  7:21  SCV  
  125  7:22  Supply Depot x2  
  125  7:23  Supply Depot  
  125  7:24  SCV  
  125  7:25  Ghost Academy  
  125  7:32  Supply Depot  
  125  7:33  Supply Depot  
  125  7:36  Marine, SCV  
  125  7:38  Marauder, Marine  
  125  7:39  SCV  
  125  7:42  Terran Infantry Weapons Level 2  
  125  7:43  Medivac x2  
  125  7:44  Marauder x2  
  133  7:53  Supply Depot x2  
  133  7:56  Enhanced Shockwaves  
  137  8:07  Ghost x3  
  137  8:08  Marine x2  
  137  8:09  Marine x2  
  143  8:16  Command Center, Supply Depot  
  143  8:17  Supply Depot  
  143  8:22  Viking  
  143  8:23  Supply Depot  
  143  8:24  Widow Mine x2, Supply Depot  
  143  8:26  Marine x2  
  151  8:32  Marine  
  150  8:36  Marauder  
  150  8:38  Ghost  
  150  8:41  SCV x3  
  157  8:45  Widow Mine  
  157  8:46  Widow Mine  
  157  8:47  Supply Depot  
  161  8:52  Marine x4  
  161  8:53  Marauder, SCV x3  
  169  8:57  Marauder  
  169  9:02  Starport  
  171  9:03  Fusion Core  
  171  9:05  SCV x2  
  171  9:07  Marauder  
  175  9:12  Marine  
  175  9:14  Marauder, Marine  
  179  9:18  Marine  
  179  9:19  Marauder  
  182  9:27  Marine  
  182  9:28  Marauder  
  179  9:33  Marine  
  180  9:40  Marine  
  180  9:41  Marine  
Tags
 
Add a new tag
Caveats
  • Supply blocks, unpowered buildings, or Contaminate may cause inaccurate times.
  • Supply counts are checked every 10 seconds.